General information
- name: BNet
- type: Ladder team game (AT/RT)
- host: Battle.net
- saver: SoVeryNoir
map: Deadlock
- players: 8
- length: 42:43
- speed: Fast
- version: 1.27 W3XP
- replay type: Public
» download(233 KB)
Players
team 1 (loser)
DARKH0RSE (
teal | 44 APM | 1072 actions | 24:16)
5 Death Knight
3 Death Coil
1 Death Pact
1 Unholy Aura
3 Lich
2 Frost Nova
1 Frost Armor
3 Crypt Lord
2 Impale
1 Spiked Carapace
» actions
| Basic commands | 11 | |
| Build / train | 47 | |
| Enter build submenu | 14 | |
| Enter hero's abilities submenu | 11 | |
| Give item / drop item | 2 | |
| Right click | 614 | |
| Select / deselect | 314 | |
| Use ability | 59 | |
1072 total
» units
| Acolyte | 2 | |
| Ghoul | 2 | |
| Crypt Fiend | 8 | |
| Frost Wyrm | 1 | |
13 total
» upgrades
| Creature Attack | 2 | |
| Creature Carapace | 1 | |
| Web | 1 | |
4 total
» buildings
| Graveyard | 1 | |
| Ziggurat | 7 | |
| Crypt | 1 | |
| Altar of Darkness | 1 | |
| Nerubian Tower | 1 | |
| Tomb of Relics | 1 | |
| Halls of the Dead | 1 | |
| Sacrificial Pit | 1 | |
| Black Citadel | 1 | |
| Boneyard | 2 | |
17 total
» build order
00:30 Graveyard
00:33 Ziggurat
00:37 Crypt
00:56 Altar of Darkness
01:26 Ziggurat
01:34 Nerubian Tower
02:33 Tomb of Relics
03:51 Ziggurat
05:34 Halls of the Dead
06:39 Ziggurat
08:23 Sacrificial Pit
10:44 Black Citadel
12:54 Ziggurat
13:15 Boneyard
13:17 Boneyard
14:12 Ziggurat
14:39 Ziggurat
» items
| Circlet of Nobility | 2 | |
| Tome of Retraining | 1 | |
| Potion of Invisibility | 1 | |
| Scroll of Town Portal | 4 | |
| Potion of Healing | 1 | |
| Scroll of Regeneration | 1 | |
| Lesser Clarity Potion | 1 | |
| Healing Salve | 1 | |
12 total
blackstabber (
blue | 82 APM | 3489 actions | 42:42)
9 Blademaster
3 Wind Walk
3 Critical Strike
1 Bladestorm
2 Mirror Image
» actions
| Assign group hotkey | 107 | |
| Basic commands | 56 | |
| Build / train | 138 | |
| ESC pressed | 10 | |
| Enter build submenu | 41 | |
| Enter hero's abilities submenu | 9 | |
| Give item / drop item | 22 | |
| Right click | 1283 | |
| Select / deselect | 275 | |
| Select group hotkey | 1196 | |
| Use ability | 352 | |
3489 total
» units
| Peon | 19 | |
| Grunt | 9 | |
| Wind Rider | 10 | |
| Demolisher | 2 | |
40 total
» upgrades
| Armor | 3 | |
| Berserker Strength | 1 | |
| Pillage | 1 | |
| Reinforced Defenses | 1 | |
| Envenomed Spears | 1 | |
| Ranged Weapons | 3 | |
| Troll Regeneration | 2 | |
| Ensnare | 1 | |
| Melee Weapons | 3 | |
| Spiked Barricades | 3 | |
| War Drums Damage Increase | 1 | |
| Liquid Fire | 1 | |
| Berserker Upgrade | 1 | |
| Burning Oil | 1 | |
| Backpack | 1 | |
24 total
» buildings
| Orc Burrow | 5 | |
| Altar of Storms | 1 | |
| Barracks | 1 | |
| Voodoo Lounge | 1 | |
| Stronghold | 5 | |
| War Mill | 1 | |
| Great Hall | 2 | |
| Watch Tower | 21 | |
| Fortress | 5 | |
| Beastiary | 4 | |
46 total
» build order
00:35 Orc Burrow
00:51 Altar of Storms
01:03 Barracks
01:20 Orc Burrow
01:47 Voodoo Lounge
02:24 Orc Burrow
04:26 Stronghold
04:26 Stronghold
04:26 Stronghold
05:08 War Mill
05:39 Great Hall
06:37 Watch Tower
06:37 Watch Tower
06:53 Fortress
06:53 Fortress
06:53 Fortress
06:56 Watch Tower
08:02 Watch Tower
08:04 Watch Tower
08:08 Watch Tower
08:17 Beastiary
09:04 Beastiary
10:18 Watch Tower
11:29 Watch Tower
12:44 Beastiary
15:52 Orc Burrow
17:48 Watch Tower
17:50 Watch Tower
18:40 Orc Burrow
19:32 Beastiary
22:56 Watch Tower
22:57 Watch Tower
22:58 Watch Tower
24:10 Watch Tower
24:11 Watch Tower
24:12 Watch Tower
24:15 Watch Tower
33:56 Great Hall
36:44 Watch Tower
36:44 Watch Tower
36:45 Watch Tower
36:45 Watch Tower
» items
| Healing Salve | 9 | |
| Lesser Clarity Potion | 10 | |
| Circlet of Nobility | 1 | |
| Staff of Teleportation | 1 | |
| Potion of Mana | 8 | |
| Orb of Lightning | 1 | |
| Scroll of Town Portal | 3 | |
| Potion of Healing | 5 | |
| Tiny Great Hall | 1 | |
39 total
Apocalypse(SoD) (
green | 46 APM | 1111 actions | 24:20)
4 Blademaster
2 Wind Walk
2 Critical Strike
» actions
| Assign group hotkey | 37 | |
| Basic commands | 152 | |
| Build / train | 39 | |
| Enter build submenu | 19 | |
| Enter hero's abilities submenu | 4 | |
| Right click | 381 | |
| Select / deselect | 244 | |
| Select group hotkey | 181 | |
| Use ability | 54 | |
1111 total
» units
| Peon | 14 | |
| Grunt | 4 | |
| Wind Rider | 8 | |
| Troll Witch Doctor | 2 | |
| Spirit Walker | 1 | |
29 total
» upgrades
| Witch Doctor Training | 1 | |
| Armor | 1 | |
| Ranged Weapons | 1 | |
3 total
» buildings
| Altar of Storms | 1 | |
| Orc Burrow | 9 | |
| Barracks | 1 | |
| Voodoo Lounge | 1 | |
| Stronghold | 1 | |
| War Mill | 1 | |
| Beastiary | 2 | |
| Spirit Lodge | 1 | |
| Great Hall | 1 | |
| Watch Tower | 1 | |
| Fortress | 1 | |
20 total
» build order
00:13 Altar of Storms
00:19 Orc Burrow
00:41 Barracks
01:50 Orc Burrow
02:05 Voodoo Lounge
03:02 Stronghold
04:34 Orc Burrow
04:38 Orc Burrow
04:44 War Mill
05:56 Beastiary
06:00 Beastiary
06:09 Spirit Lodge
06:40 Great Hall
07:47 Watch Tower
13:01 Orc Burrow
13:04 Orc Burrow
13:09 Orc Burrow
13:30 Fortress
17:24 Orc Burrow
19:54 Orc Burrow

»
teez (
red | 32 APM | 618 actions | 19:07)
3 Paladin
1 Devotion Aura
1 Divine Shield
1 Holy Light
» actions
| Basic commands | 6 | |
| Build / train | 55 | |
| Enter build submenu | 27 | |
| Enter hero's abilities submenu | 3 | |
| Right click | 291 | |
| Select / deselect | 191 | |
| Use ability | 45 | |
618 total
» units
| Peasant | 15 | |
| Footman | 4 | |
| Dragonhawk Rider | 2 | |
| Gryphon Rider | 7 | |
| Knight | 3 | |
31 total
» upgrades
| Masonry | 3 | |
| Long Rifles | 1 | |
| Lumber Harvesting | 2 | |
| Storm Hammers | 1 | |
| Animal War Training | 1 | |
| Cloud | 1 | |
9 total
» buildings
| Lumber Mill | 1 | |
| Farm | 11 | |
| Altar of Kings | 1 | |
| Barracks | 1 | |
| Scout Tower | 6 | |
| Arcane Tower | 2 | |
| Guard Tower | 4 | |
| Keep | 1 | |
| Arcane Vault | 1 | |
| Castle | 1 | |
| Gryphon Aviary | 1 | |
| Blacksmith | 1 | |
| Town Hall | 1 | |
32 total
» build order
00:23 Lumber Mill
00:54 Farm
01:08 Altar of Kings
01:24 Farm
01:38 Barracks
01:54 Scout Tower
02:02 Scout Tower
02:21 Arcane Tower
02:38 Guard Tower
02:57 Farm
03:40 Farm
03:56 Keep
04:00 Arcane Vault
04:22 Scout Tower
04:54 Farm
05:06 Guard Tower
05:11 Farm
05:30 Farm
06:21 Castle
06:27 Farm
06:30 Farm
06:52 Gryphon Aviary
06:58 Blacksmith
07:21 Scout Tower
08:32 Arcane Tower
09:12 Scout Tower
10:17 Guard Tower
10:27 Scout Tower
10:31 Farm
10:59 Farm
11:03 Guard Tower
14:07 Town Hall
» items
| Scroll of Regeneration | 1 | |
| Scroll of Town Portal | 2 | |
3 total
team 2 (winner)
Pollenator (
purple | 48 APM | 1747 actions | 36:22)
4 Shadow Hunter
2 Hex
2 Healing Wave
» actions
| Basic commands | 341 | |
| Build / train | 119 | |
| ESC pressed | 6 | |
| Enter build submenu | 45 | |
| Enter hero's abilities submenu | 4 | |
| Remove unit from queue | 1 | |
| Right click | 401 | |
| Select / deselect | 664 | |
| Use ability | 166 | |
1747 total
» units
| Peon | 33 | |
| Grunt | 2 | |
| Troll Headhunter/Berserker | 30 | |
| Razormane Medicine Man | 1 | |
66 total
» upgrades
| Ranged Weapons | 3 | |
| Armor | 3 | |
| Troll Regeneration | 1 | |
| Spiked Barricades | 3 | |
| Berserker Upgrade | 1 | |
| Reinforced Defenses | 1 | |
| Burning Oil | 1 | |
13 total
» buildings
| Orc Burrow | 3 | |
| Altar of Storms | 2 | |
| Barracks | 5 | |
| War Mill | 2 | |
| Great Hall | 2 | |
| Voodoo Lounge | 1 | |
| Stronghold | 1 | |
| Fortress | 1 | |
| Watch Tower | 37 | |
54 total
» build order
00:28 Orc Burrow
01:12 Altar of Storms
01:24 Barracks
01:29 Orc Burrow
02:03 War Mill
02:21 Barracks
03:13 Orc Burrow
05:00 Great Hall
05:16 Voodoo Lounge
06:20 Great Hall
07:17 Stronghold
09:42 Fortress
09:48 Watch Tower
10:38 Barracks
10:42 Barracks
10:49 Watch Tower
10:49 Watch Tower
10:50 Watch Tower
10:57 Barracks
11:07 Watch Tower
11:08 Watch Tower
11:08 Watch Tower
11:13 Watch Tower
11:13 Watch Tower
11:14 Watch Tower
11:14 Watch Tower
11:15 Watch Tower
11:24 Watch Tower
11:24 Watch Tower
14:17 Watch Tower
14:23 Watch Tower
15:39 Watch Tower
15:41 Watch Tower
15:49 Watch Tower
15:50 Watch Tower
15:50 Watch Tower
16:27 Watch Tower
16:27 Watch Tower
16:28 Watch Tower
16:28 Watch Tower
17:41 War Mill
18:27 Watch Tower
18:28 Watch Tower
19:11 Watch Tower
19:12 Watch Tower
19:12 Watch Tower
19:13 Watch Tower
19:14 Watch Tower
19:14 Watch Tower
22:09 Watch Tower
22:09 Watch Tower
33:56 Altar of Storms
» items
| Boots of Speed | 2 | |
| Lesser Clarity Potion | 5 | |
| Healing Salve | 3 | |
| Scroll of Town Portal | 7 | |
| Orb of Lightning | 1 | |
| Scroll of Speed | 4 | |
| Tiny Great Hall | 1 | |
| Potion of Mana | 4 | |
| Potion of Healing | 3 | |
30 total
SoVeryNoir (
orange | 51 APM | 2162 actions | 42:43)
10 Blademaster
3 Wind Walk
3 Critical Strike
1 Bladestorm
3 Mirror Image
» actions
| Assign group hotkey | 57 | |
| Basic commands | 265 | |
| Build / train | 88 | |
| Enter build submenu | 34 | |
| Enter hero's abilities submenu | 10 | |
| Give item / drop item | 11 | |
| Remove unit from queue | 2 | |
| Right click | 780 | |
| Select / deselect | 409 | |
| Select group hotkey | 347 | |
| Use ability | 159 | |
2162 total
» units
| Peon | 16 | |
| Grunt | 5 | |
| Troll Batrider | 18 | |
39 total
» upgrades
| Troll Regeneration | 1 | |
| Armor | 3 | |
| Liquid Fire | 1 | |
| Ranged Weapons | 3 | |
| Reinforced Defenses | 1 | |
| Envenomed Spears | 1 | |
| Spiked Barricades | 1 | |
| Melee Weapons | 1 | |
| Pillage | 1 | |
| Ensnare | 1 | |
14 total
» buildings
| Orc Burrow | 3 | |
| Altar of Storms | 1 | |
| Barracks | 1 | |
| War Mill | 2 | |
| Voodoo Lounge | 1 | |
| Stronghold | 1 | |
| Great Hall | 3 | |
| Watch Tower | 18 | |
| Beastiary | 4 | |
| Fortress | 1 | |
35 total
» build order
00:12 Orc Burrow
00:51 Altar of Storms
01:05 Barracks
01:17 Orc Burrow
02:19 War Mill
02:42 Orc Burrow
04:04 Voodoo Lounge
04:43 Stronghold
05:21 Great Hall
06:47 Watch Tower
06:47 Watch Tower
06:48 Watch Tower
06:48 Watch Tower
07:05 Great Hall
07:09 Watch Tower
07:12 Watch Tower
07:12 Watch Tower
07:47 Watch Tower
07:47 Watch Tower
07:48 Watch Tower
08:30 Beastiary
08:32 Beastiary
11:23 Fortress
12:26 Beastiary
13:54 War Mill
17:03 Beastiary
24:56 Great Hall
24:58 Watch Tower
24:58 Watch Tower
24:58 Watch Tower
24:59 Watch Tower
25:01 Watch Tower
25:01 Watch Tower
25:01 Watch Tower
25:02 Watch Tower
» items
| Healing Salve | 2 | |
| Boots of Speed | 1 | |
| Staff of Teleportation | 2 | |
| Potion of Lesser Invulnerability | 1 | |
| Circlet of Nobility | 1 | |
| Potion of Healing | 4 | |
| Potion of Mana | 1 | |
| Lesser Clarity Potion | 3 | |
| Scroll of Town Portal | 3 | |
| Orb of Lightning | 1 | |
| Periapt of Vitality | 1 | |
20 total
DOGDRT. (
pink | 53 APM | 2176 actions | 41:13)
4 Blademaster
2 Critical Strike
2 Wind Walk
3 Shadow Hunter
2 Hex
1 Healing Wave
» actions
| Assign group hotkey | 46 | |
| Basic commands | 156 | |
| Build / train | 71 | |
| Enter build submenu | 22 | |
| Enter hero's abilities submenu | 7 | |
| Give item / drop item | 9 | |
| Right click | 853 | |
| Select / deselect | 309 | |
| Select group hotkey | 608 | |
| Use ability | 95 | |
2176 total
» units
| Peon | 19 | |
| Grunt | 4 | |
| Wind Rider | 5 | |
| Troll Batrider | 3 | |
| Raider | 1 | |
32 total
» upgrades
| Reinforced Defenses | 1 | |
| Ranged Weapons | 2 | |
| Armor | 2 | |
| Liquid Fire | 1 | |
6 total
» buildings
| Altar of Storms | 1 | |
| Orc Burrow | 6 | |
| Barracks | 1 | |
| Stronghold | 1 | |
| Voodoo Lounge | 2 | |
| War Mill | 1 | |
| Great Hall | 2 | |
| Beastiary | 3 | |
| Fortress | 1 | |
| Watch Tower | 13 | |
31 total
» build order
00:07 Altar of Storms
00:18 Orc Burrow
00:37 Barracks
01:21 Orc Burrow
02:40 Stronghold
02:53 Voodoo Lounge
03:55 War Mill
04:26 Orc Burrow
04:59 Great Hall
05:34 Beastiary
05:35 Beastiary
06:34 Orc Burrow
07:19 Fortress
07:23 Watch Tower
09:08 Watch Tower
09:08 Watch Tower
09:08 Watch Tower
09:32 Watch Tower
10:29 Beastiary
11:05 Orc Burrow
12:42 Orc Burrow
14:21 Watch Tower
14:22 Watch Tower
17:47 Great Hall
18:12 Watch Tower
18:13 Watch Tower
18:40 Voodoo Lounge
23:36 Watch Tower
23:36 Watch Tower
23:37 Watch Tower
23:37 Watch Tower
» items
| Healing Salve | 3 | |
| Scroll of Town Portal | 5 | |
| Orb of Lightning | 1 | |
| Lesser Clarity Potion | 1 | |
| Potion of Mana | 2 | |
| Staff of Teleportation | 2 | |
| Potion of Lesser Invulnerability | 2 | |
| Scroll of Healing | 1 | |
| Boots of Speed | 1 | |
| Potion of Invisibility | 1 | |
| Potion of Healing | 2 | |
21 total

»
l0l1t4 (
yellow | 36 APM | 1525 actions | 42:42)
2 Mountain King
1 Storm Bolt
1 Bash
» actions
| Assign group hotkey | 27 | |
| Build / train | 68 | |
| ESC pressed | 3 | |
| Enter build submenu | 24 | |
| Enter hero's abilities submenu | 2 | |
| Right click | 596 | |
| Select / deselect | 451 | |
| Select group hotkey | 290 | |
| Use ability | 64 | |
1525 total
» units
| Peasant | 13 | |
| Rifleman | 15 | |
| Priest | 2 | |
| Siege Engine | 7 | |
37 total
» upgrades
| Masonry | 3 | |
| Gunpowder | 1 | |
| Long Rifles | 1 | |
| Lumber Harvesting | 2 | |
| Priest Training | 2 | |
| Barrage | 1 | |
10 total
» buildings
| Scout Tower | 3 | |
| Arcane Tower | 1 | |
| Lumber Mill | 1 | |
| Farm | 8 | |
| Blacksmith | 1 | |
| Barracks | 1 | |
| Altar of Kings | 1 | |
| Arcane Vault | 1 | |
| Guard Tower | 2 | |
| Keep | 1 | |
| Town Hall | 5 | |
| Castle | 1 | |
| Arcane Sanctum | 1 | |
| Workshop | 1 | |
28 total
» build order
02:31 Scout Tower
02:58 Arcane Tower
03:03 Lumber Mill
03:10 Farm
03:17 Blacksmith
03:21 Barracks
04:02 Farm
04:27 Altar of Kings
04:35 Arcane Vault
04:39 Scout Tower
05:45 Guard Tower
05:52 Farm
05:59 Farm
06:15 Keep
06:24 Farm
08:40 Town Hall
09:10 Castle
09:42 Farm
09:45 Scout Tower
10:37 Town Hall
12:34 Guard Tower
13:06 Arcane Sanctum
13:25 Workshop
16:00 Farm
16:02 Farm
23:33 Town Hall
23:50 Town Hall
25:21 Town Hall
» items
| Orb of Fire | 1 | |
| Potion of Healing | 4 | |
| Healing Salve | 1 | |
| Orb of Lightning | 2 | |
| Lesser Clarity Potion | 1 | |
| Potion of Mana | 3 | |
| Scroll of Town Portal | 1 | |
13 total
Chat log
(00:20 / All) DARKH0RSE: where shall my blood be spilled?
(01:12 / Allies) DOGDRT.: fucking yellow
(01:46 / Allies) Pollenator: wake up
(02:27 / Allies) DOGDRT.: welcome back
(02:35 / Allies) l0l1t4: ty
(02:44 / All) DARKH0RSE: the sleeper awakes
(03:04 / All) DOGDRT.: teal mhs!!!!!!
(04:14 / All) DARKH0RSE: wow what the hell? i havent even play in months and you start accusing me of things
(04:32 / All) DOGDRT.: i apologize
(04:47 / Allies) SoVeryNoir: gold lalw
(04:55 / Allies) SoVeryNoir: lost a grunt lawl
(05:16 / Allies) l0l1t4: whydidn't you take this one
(05:19 / Allies) l0l1t4: y
(05:24 / Allies) DOGDRT.: ill clear it for u
(05:32 / Allies) l0l1t4: to far for me
(05:44 / Allies) DOGDRT.: sorry.......
(05:56 / All) SoVeryNoir: mh alert
(06:02 / All) SoVeryNoir: lol
(06:04 / All) SoVeryNoir: he;'s running too
(06:08 / All) DARKH0RSE: shut the hell up noobs
(06:26 / All) DARKH0RSE: why does it always have to be mh?
(07:03 / Allies) DOGDRT.: purple lets hit mid rihgt k?
(07:45 / Allies) DOGDRT.: damn ddue
(07:52 / Allies) DOGDRT.: fcus dk
(08:06 / Allies) l0l1t4: focus pala
(08:06 / All) SoVeryNoir: rape
(08:42 / Allies) SoVeryNoir: back
(08:42 / Allies) SoVeryNoir: back
(08:43 / Allies) SoVeryNoir: bakc
(08:46 / All) SoVeryNoir: jesus christ
(09:13 / Allies) SoVeryNoir: lumnber
(10:12 / Allies) SoVeryNoir: hex dk
(10:20 / Allies) DOGDRT.: just ised it
(10:47 / Allies) DOGDRT.: hit gree main
(11:08 / All) Apocalypse(SoD): Mh alert
(11:18 / All) DARKH0RSE: shut up
(11:44 / All) DOGDRT.: green was in a 34 hour game befoer
(12:30 / Allies) DOGDRT.: wood
(13:24 / All) Apocalypse(SoD): yes I was :/
(13:27 / All) Apocalypse(SoD): and i won
(13:44 / All) blackstabber: LOL you stayed in a game ovre 30 hrs for 1 win?
(13:52 / All) Apocalypse(SoD): it's the principal
(14:15 / All) SoVeryNoir: CNN = VERY FAKE NEWS
(15:27 / All) SoVeryNoir: yeah you're gonna tp in you fucking mher retard
(15:29 / All) SoVeryNoir: with fiends
(15:32 / All) SoVeryNoir: against hidden bats LOL
(15:42 / All) SoVeryNoir: and no one else
(15:54 / All) Apocalypse(SoD): Pink mh
(16:01 / All) blackstabber: LOL
(16:14 / All) DARKH0RSE: shut up.
(16:18 / All) DARKH0RSE: you all mh
(16:37 / All) DARKH0RSE: so stop calling everone names
(16:43 / Allies) DOGDRT.: teal ha sno hall
(17:03 / All) blackstabber: LOL NO CANCEL ON THAT PEON 3 TIMES
(17:42 / All) DOGDRT.: out hacker teal
(18:02 / All) Apocalypse(SoD): purp mh
(18:59 / All) Apocalypse(SoD): oj mh
(19:05 / All) SoVeryNoir: lol
(20:05 / All) Apocalypse(SoD): why do kids mh?
(20:19 / All) blackstabber: Green mad cuz he bad
(20:39 / All) Apocalypse(SoD): green doesn't give a fuch
(20:40 / All) SoVeryNoir: me or teal:
(20:43 / All) DOGDRT.: teal plus pulla
(21:09 / All) SoVeryNoir: red you like getting your poon crushed?
(21:18 / All) Apocalypse(SoD): red left retard
(21:22 / All) Apocalypse(SoD): mh that
(21:28 / All) SoVeryNoir: green you like getting YOUR poon crushed?
(21:38 / All) Apocalypse(SoD): I'm afk
(21:40 / All) DOGDRT.: this is revenge for ur 34 hour win
(21:41 / All) SoVeryNoir: Yeah okay
(21:44 / All) SoVeryNoir: you got raped kiddo
(21:49 / All) Apocalypse(SoD): you mh
(21:53 / All) SoVeryNoir: remind you of when your gay dad used to visit you late at night?
(21:54 / All) Apocalypse(SoD): maybe 1v1 without mh?
(21:56 / All) SoVeryNoir: and touch you there?
(22:05 / All) SoVeryNoir: how do you figure I mhed lol
(22:20 / All) Apocalypse(SoD): typical mher
(22:31 / All) Apocalypse(SoD): deny deny
(22:37 / All) SoVeryNoir: I asked how do you figure?
(22:45 / All) SoVeryNoir: do you mh?
(23:04 / All) Apocalypse(SoD): look at u
(23:05 / All) Apocalypse(SoD): Mh
(23:11 / All) SoVeryNoir: you mh?
(23:23 / Allies) l0l1t4: lumber me
(23:25 / All) DOGDRT.: so much for greein being "afk"
(23:30 / All) Apocalypse(SoD): afk
(23:49 / All) Apocalypse(SoD): blue pked me
(23:55 / All) Apocalypse(SoD): blue is on ur team
(23:57 / All) SoVeryNoir: like it matters lol
(23:58 / All) SoVeryNoir: you are trash
(24:02 / All) SoVeryNoir: nothing but a newbie
(24:07 / All) blackstabber: every kill is a player kill
(24:09 / All) SoVeryNoir: LOL
(24:13 / All) SoVeryNoir: at the fact you think I mh
(24:17 / All) Apocalypse(SoD): didn't think so
(24:23 / All) SoVeryNoir: like yeah if I didn't "mh" you'd suddenly not get crushed
(24:24 / All) blackstabber: lol
(24:40 / All) SoVeryNoir: this is like a tee ball player inviting babe ruth to a homerun derby
(24:41 / All) SoVeryNoir: LOL
(26:30 / All) DOGDRT.: talisman st
(26:32 / All) DOGDRT.: saved him
(28:02 / All) DOGDRT.: this is wht u get for being afk yellow
(29:19 / All) DOGDRT.: standoff
(29:22 / All) DOGDRT.: green vs yellow and purp
(29:24 / All) blackstabber: my team left
(29:26 / All) blackstabber: lol
(29:31 / All) DOGDRT.: right
(29:51 / All) DOGDRT.: luv tap time
(30:23 / All) SoVeryNoir: coukldn't click you lawl
(30:29 / All) SoVeryNoir: nice item defense
(30:52 / All) blackstabber: purp plays like an ai
(31:46 / All) DOGDRT.: U CANT SEE MEEE
(31:54 / All) SoVeryNoir: iseedeadpeople
(32:18 / All) DOGDRT.: FUCK U TRICKED ME
(32:25 / All) blackstabber: look at how purple puts his peons into burrows lol
(32:29 / All) blackstabber: ai player
(32:38 / All) blackstabber: now I'm not so sure about what I told green on "pking"
(32:43 / All) SoVeryNoir: ai that codes against tking lawl
(33:00 / All) blackstabber: Blizzard is testing their new AI out
(33:02 / All) blackstabber: for warcraft 4
(33:47 / All) DOGDRT.: we didnt even see blues base until teal left
(35:31 / All) DOGDRT.: purple is a warrior
(35:33 / All) DOGDRT.: a true warrior
(35:43 / All) SoVeryNoir: he wants 5-2!!!
(35:56 / All) blackstabber: lol
(36:00 / All) blackstabber: look at those peons repair
(36:01 / All) blackstabber: LMAO
(36:26 / All) blackstabber: lol
(36:28 / All) blackstabber: shocked he left
(36:37 / All) SoVeryNoir: lol did he say a word all game
(37:21 / All) blackstabber: they really make em advanced these days
(37:28 / All) blackstabber: computer players and human players are almost indistinguishable
(38:58 / All) SoVeryNoir: teleported behind your back lawl
(39:55 / All) SoVeryNoir: I wanted green to tp earlier instaed of teal
(39:59 / All) SoVeryNoir: so I could bat his ass
(40:01 / All) SoVeryNoir: but he lost his hero lol
(40:09 / All) SoVeryNoir: I had my bats hidden
(40:47 / All) SoVeryNoir: our allies don't talk much sadly
(40:58 / All) SoVeryNoir: you had the more talkative team but they all left
(41:53 / All) SoVeryNoir: I have given yellow control
(41:56 / All) SoVeryNoir: let's see if he does anything
(42:39 / All) SoVeryNoir: HE DOESN'T WANT THE POWER!!!